 Dungeon Crawl Stone Soup version 0.24.0-123-gd5b16e6ec5 (webtiles) character file.

Game seed: 1749346973530666267, levelgen mode: deterministic

1416 Elellon the Cleaver (level 8, -4/66 HPs)
             Began as a Hill Orc Fighter on Jan 2, 2020.
             Slain by a hog (11 damage)
             ... on level 7 of the Dungeon.
             The game lasted 00:13:48 (5055 turns).

Elellon the Cleaver (Hill Orc Fighter)              Turns: 5055, Time: 00:13:49

Health: -4/66      AC:  8    Str: 28    XL:     8   Next: 71%
Magic:  8/8        EV:  9    Int:  8    God:
Gold:   369        SH: 11    Dex:  8    Spells: 7/7 levels left

rFire    . . .     SeeInvis .   a - +0 war axe
rCold    . . .     Gourm    .   c - +1 shield
rNeg     + + +     Faith    .   G - +0 ring mail "Yqotwaco" {+Fly rN+++ Str+2 Dex-2}
rPois    .         Spirit   .   h - +0 helmet
rElec    .         Reflect  .   (no cloak)
rCorr    .         Harm     .   (no gloves)
MR       .....                  F - +0 pair of boots
Stlth    +.........             (no amulet)
HPRegen  0.21/turn              (no ring)
MPRegen  0.11/turn              (no ring)

@: mighty
A: no striking features
a: Evoke Flight


You were on level 7 of the Dungeon.
You were not hungry.

You visited 2 branches of the dungeon, and saw 8 of its levels.
You also visited: Sewer.

You collected 369 gold pieces.

Inventory:

Hand Weapons
 a - a +0 war axe (weapon)
 n - a +0 hunting sling
Missiles
 o - 118 stones (quivered)
Armour
 b - a +0 scale mail
 c - a +1 shield (worn)
 h - a +0 helmet (worn)
 F - a +0 pair of boots (worn)
 G - the +0 ring mail "Yqotwaco" (worn) {+Fly rN+++ Str+2 Dex-2}
   (You found it on level 7 of the Dungeon)

   It affects your strength (+2).
   It affects your dexterity (-2).
   It renders you almost immune to negative energy.
   It lets you fly.
Jewellery
 D - an uncursed ring of poison resistance {unknown}
Wands
 B - a wand of paralysis (3)
 C - a wand of random effects (22)
 E - a wand of acid (6)
Scrolls
 i - a scroll of amnesia {unknown}
 j - 4 scrolls of enchant armour
 l - 4 scrolls of identify
 m - a scroll of fear
 p - 3 scrolls of immolation {unknown}
 r - 2 scrolls of blinking {unknown}
 u - 2 scrolls of remove curse
 x - a scroll of teleportation
 y - 5 scrolls of fog
 A - a scroll of brand weapon {unknown}
Potions
 d - 2 potions of might
 e - 4 potions of agility {unknown}
 g - 6 potions of curing
 k - 3 potions of heal wounds
 q - 2 potions of mutation {unknown}
 s - 2 potions of degeneration {unknown}
 t - a potion of cancellation {unknown}
 v - 3 potions of flight {unknown}
 w - a potion of brilliance {unknown}
 z - a potion of lignification {unknown}
Comestibles
 f - 10 rations


   Skills:
 + Level 4.2 Fighting
 * Level 12.2 Axes
 + Level 4.0 Armour
 - Level 1.4 Dodging
 - Level 0.7 Stealth
 + Level 4.1 Shields


You had 7 spell levels left.
You didn't know any spells.
Your spell library contained the following spells:

 Spells                   Type           Power        Failure   Level  Hunger
 Animate Skeleton         Necr           N/A          95%         1    ##.....
 Apportation              Tloc           #.....       95%         1    ##.....
 Confusing Touch          Hex            #.....       95%         1    ##.....
 Pain                     Necr           #...         95%         1    ##.....
 Sting                    Conj/Pois      #...         95%         1    ##.....
 Summon Small Mammal      Summ           #...         95%         1    ##.....
 Poisonous Vapours        Pois/Air       #.....       98%         2    ###....
 Mephitic Cloud           Conj/Pois/Air  #.......     100%        3    ####...
 Regeneration             Chrm/Necr      #.........   100%        3    ####...
 Vampiric Draining        Necr           #.........   100%        3    ####...
 Animate Dead             Necr           N/A          100%        4    #####..
 Olgreb's Toxic Radiance  Pois           #.......     100%        4    #####..
 Venom Bolt               Conj/Pois      #.........   100%        5    ######.


Dungeon Overview and Level Annotations

Branches:
Dungeon (7/15)             Temple (1/1) D:6           Sewer (visited)

Altars:
Ashenzari
Cheibriados
Dithmenos
Elyvilon
Fedhas
Gozag
Hepliaklqana
Kikubaaqudgha
Makhleb
Nemelex Xobeh
Qazlal
Ru
Sif Muna
Uskayaw
Vehumet
Wu Jian
Yredelemnul
Zin
The Shining One

Shops:
D:7 ?

Annotations:
D:6 1 runed translucent door, Mortifus's ghost, novice DrCj


Message History

The hog is moderately wounded.
You block the hog's attack.
You hit the hog.
The hog is heavily wounded.
The hog closely misses you.
You closely miss the hog.
The hog is heavily wounded.
The hog bites you.
* * * LOW HITPOINT WARNING * * *
The hog bites you!
* * * LOW HITPOINT WARNING * * *
You slice the hog!!
You kill the hog!
Your Armour skill increases to level 4!
Your Shields skill increases to level 4!
You block the hog's attack.
You slash the hog!
The hog is severely wounded.
The hog bites you!
You die...

#.# #.# #.# #.# #.#
###### #.######
.....####.#....##
..............Yh#####
.._...########)#@...#
(.....# #..#.Y#..#.#
......# #..#..##...
..##### #..'..# .....
#.# #..#.%# #...##
#.# #..#%%# #.... #.#
####### #####
#.###########.#
#.....((((.)..#


You could see a yak and a hog.

Vanquished Creatures
  A human (D:7)
  2 hogs (D:7)
  An ice beast (D:6)
  An ogre (D:3)
  2 centaurs (D:7)
  A big kobold (Sewer)
  2 bullfrogs (D:7)
  A crimson imp (D:3)
  A jelly (D:6)
  A gnoll shaman (D:5)
  An orc wizard (D:5)
  A centaur skeleton (D:7)
  An iguana (D:4)
  3 worker ants
  A hound skeleton (D:5)
  3 gnolls (D:5)
  6 adders
  3 river rats
  A shadow imp (D:6)
  An ooze (D:1)
  An adder zombie (D:5)
  A worm (D:2)
  A dart slug (D:2)
  2 leopard geckos
  7 orcs
  A ball python (D:5)
  4 giant cockroaches
  8 goblins
  5 hobgoblins
  2 jackals (Sewer)
  11 kobolds
  5 bats
  4 frilled lizards
  A jackal skeleton (D:5)
  11 rats
98 creatures vanquished.

Notes
Turn   | Place    | Note
-------+----------+-------------------------------------------
     0 | D:1      | Elellon the Hill Orc Fighter began the quest for the Orb.
     0 | D:1      | Reached XP level 1. HP: 19/19 MP: 1/1
    66 | D:1      | Reached skill level 3 in Axes
   132 | D:1      | Reached XP level 2. HP: 22/26 MP: 2/2
   197 | D:1      | Reached skill level 4 in Axes
   789 | D:2      | Reached XP level 3. HP: 28/31 MP: 3/3
   969 | D:2      | Found an opulent altar of Gozag.
  1002 | D:2      | Found a basalt altar of Yredelemnul.
  1010 | D:2      | Reached skill level 5 in Axes
  1180 | D:2      | Reached XP level 4. HP: 39/39 MP: 4/4
  1186 | D:2      | Found a glowing golden altar of the Shining One.
  1280 | D:2      | Found a sacrificial altar of Ru.
  1281 | D:2      | Found a blossoming altar of Fedhas.
  1518 | D:3      | Reached skill level 6 in Axes
  1874 | D:3      | Found a white marble altar of Elyvilon.
  1953 | D:3      | Reached XP level 5. HP: 43/45 MP: 5/5
  2202 | D:3      | Noticed an ogre
  2211 | D:3      | Killed an ogre
  2211 | D:3      | Reached skill level 7 in Axes
  2352 | D:4      | Found a shadowy altar of Dithmenos.
  2564 | D:4      | Reached skill level 1 in Dodging
  2564 | D:4      | Reached XP level 6. HP: 45/51 MP: 6/6
  2681 | D:4      | Reached skill level 8 in Axes
  3032 | D:5      | Entered Level 5 of the Dungeon
  3175 | D:5      | Found a glowing drain.
  3186 | D:5      | Reached skill level 9 in Axes
  3202 | Sewer    | Entered a sewer
  3396 | Sewer    | Reached XP level 7. HP: 44/57 MP: 7/7
  3480 | Sewer    | Found a white marble altar of Elyvilon.
  3578 | D:5      | Found a shattered altar of Ashenzari.
  3596 | D:5      | Found an opulent altar of Gozag.
  3792 | D:6      | Found a staircase to the Ecumenical Temple.
  3802 | Temple   | Entered the Ecumenical Temple
  3956 | D:6      | Found a runed translucent door.
  3956 | D:6      | Noticed Mortifus's ghost (novice DrCj)
  4311 | D:6      | Reached skill level 10 in Axes
  4415 | D:7      | Found Urphu's Magic Scroll Shoppe.
  4506 | D:7      | Identified the +0 ring mail "Yqotwaco" {+Fly rN+++ Str+2
                  | Dex-2} (You found it on level 7 of the Dungeon)
  4587 | D:7      | Reached skill level 11 in Axes
  4755 | D:7      | Reached XP level 8. HP: 57/66 MP: 8/8
  4837 | D:7      | Found a glowing silver altar of Zin.
  5017 | D:7      | Noticed a yak
  5040 | D:7      | Reached skill level 12 in Axes
  5047 | D:7      | HP: 1/66 [hog (11)]
  5055 | D:7      | Slain by a hog

Levels and vault maps discovered:
D:1:      dpeg_arrival_rooms_a, layout_basic, chequers_serial_rivers_marsh,
          st_stairs_10
D:2:      cheibrodos_old_hovel, layout_basic, lemuel_round_altar,
          gammafunk_temple_overflow_statue, lemuel_crystal_altar,
          grunt_gozag_statues
D:3:      layout_loops_ring, elyvilon_altar_1, first_ration
D:4:      layout_loops_cross, grunt_dithmenos_smoke_and_mirrors, minivault_23,
          chequers_serial_rivers_small_b
D:5:      layout_rooms, lemuel_doored_altar, overflow_temple_1_default,
          portal_sewer_entry_b
D:6:      layout_loops_ring, minmay_temple_entry_wispy,
          hellmonk_ghost_happy_afterlife
D:7:      layout_loops_ring, basic_altar, serial_shops, shop, grunt_livestock
Temple:   minmay_freezing_vapour_temple

Skill      XL: |  1  2  3  4  5  6  7  8 |
---------------+-------------------------+-----
Axes           | 3 4 5 6 7 9 11 12 | 12.2
Dodging        | 1 |  1.4
Fighting       | 4 |  4.2
Armour         | 4 |  4.0
Shields        | 4 |  4.1
Stealth        | |  0.7

Action                   |  1- 3 |  4- 6 |  7- 9 || total
-------------------------+-------+-------+-------++-------
Melee: War axe           |   114 |   160 |   124 ||   398
  Use: Scroll            |       |     4 |     3 ||     7
       Potion            |       |       |     2 ||     2
  Eat: Chunk             |     1 |     4 |     5 ||    10
       Ration            |       |     1 |       ||     1
Armor: Scale mail        |    56 |    43 |    13 ||   112
       Ring mail         |       |       |    24 ||    24
Dodge: Dodged            |    24 |    40 |    34 ||    98
Block: Shield            |    63 |    79 |    78 ||   220
